woodfighter, chaotic female human Wizard -------------- --------- |#.....[......#############|.....<.| |............| #|.......| |............| ####|.......| -------.------ # #-|--+---- # ### ###### # # #### # ### # # # # #%#@W # ### ## # -.------ ### |.......###### |{.....|### |......| |......| ---..--- ---- woodfighter the Conjurer Experience level: 4 Strength: 12 Dexterity: 14 Constitution: 9 Intelligence: 19 Wisdom: 17 Charisma: 9 Health: 0(26) Energy: 47(47) Def: 1 Gold: 487 Moves: 2287 Dungeon seed: kadWedB0DAQ87Aqg Game ID: woodfighter_1558551099 Your Inventory: Coins $ - 487 gold pieces Weapons a - a blessed +1 quarterstaff (weapon in hands) Armor e - an uncursed +0 cloak of magic resistance (being worn) Comestibles g - 3 uncursed eucalyptus leaves i - an uncursed sprig of wolfsbane m - 2 uncursed eggs Scrolls o - an uncursed scroll of enchant armor Spellbooks b - a blessed spellbook of force bolt c - an uncursed spellbook of create monster p - an uncursed spellbook of wizard lock Potions h - an uncursed potion of water j - an uncursed potion of enlightenment Wands d - a wand of nothing (0:7) k - a wand of enlightenment (0:12) Tools y - an uncursed skeleton key Gems n - an uncursed worthless piece of yellow glass q - an uncursed worthless piece of yellowish brown glass r - an uncursed obsidian Spells and supernatural/magical abilities: Name Level Category Fail Memory a - force bolt 1 attack 0% 89% O - create monster 2 clerical 23% 89% W - pray for help -- divine ? -- Your skills at the end: Miscellaneous Skills wands [Basic] Weapon Skills quarterstaff [Basic] Spellcasting Skills attack spells [Basic] enchantment spells [Basic] Final Attributes: You were piously aligned. You were magic-protected. You were very stealthy. You are dead. Vanquished creatures: a housecat a fog cloud a kobold mummy an iguana 2 rothes a centipede an orc zombie 3 coyotes 3 geckos a hobgoblin a cave spider a yellow mold a red mold 9 manes 2 jackals a kobold 6 newts 2 goblins a sewer rat 6 grid bugs 3 kobold zombies 48 creatures vanquished. Voluntary challenges: You did not adorn yourself with jewelry or accessories. You did not cause conflict. You were not invisible. You did not have reflection. You were not displaced. You used a wielded weapon 66 times, starting on turn 32. You did not use tools. You did not use plumbed fixtures. You did not drink any magical draughts. You were illiterate. You never genocided any monsters. You never polymorphed an object. You never changed form. You used no wishes. You never split a pudding. You never wrote Elbereth's name. You never violated your personal moral code. Dungeon overview: The Dungeons of Doom: levels 1 to 6 Level 1 an altar to Thoth a long staircase Level 2 (water) a delicatessen, an altar to Anhur Level 3 a fountain stairs to The Gnomish Mines Level 4 Level 5 (vault) Level 6 <- You were here a fountain, a sink The Gnomish Mines: Level 4 stairs to The Dungeons of Doom History has recorded: On T:1 you entered the Dungeons of Doom to retrieve the Amulet of Yendor! On T:132 you reached level 2 of The Dungeons of Doom. On T:645 you advanced to experience level 2. On T:771 you reached level 3 of The Dungeons of Doom. On T:814 you prayed to Anhur. On T:875 you reached level 4 of The Dungeons of Doom. On T:955 you advanced to experience level 3. On T:1165 you reached level 1 of The Gnomish Mines. On T:1423 you reached level 5 of The Dungeons of Doom. On T:1513 you advanced to experience level 4. On T:1784 you reached level 6 of The Dungeons of Doom. On T:2160 you prayed to Anhur. Score breakdown: Gold: 487 ( 48 points) Experience: 4 levels ( 300 points) Exploration: 6 levels ( 150 points) Discoveries: 10 items ( 500 points) Variety of kills: 21 monsters ( 1050 points) Major goal: (nothing yet) ( 0 points) Survival: died (score multiplied by 3) Total score: 6144 Latest messages: You displace kitty. You stop exploring. The spell misses the centipede. The centipede bites! The centipede's bite was poisoned! The spell hits the centipede! You kill the centipede! You see here a centipede corpse. This centipede corpse tastes terrible! You finish eating the centipede corpse. You stop exploring. You hit the manes. You destroy the manes! You stop exploring. You hit the kobold mummy. The kobold mummy scratches you! You hit the kobold mummy! You destroy the kobold mummy! You see here a kobold corpse. You stop exploring. The manes punches you! (2x) The manes bites! You die... Your body rises from the dead as a wraith... Final status: Goodbye woodfighter the Wizard, killed by a manes... You died in The Dungeons of Doom on dungeon level 6 with 6144 points, and 487 pieces of gold, after 2287 moves. You were level 4 with a maximum of 26 hit points when you died.